 Dungeon Crawl Stone Soup version 0.28-a0-664-gc179e30c89 (webtiles) character file.

Game seed: 13393720275668436524

20 voltaire321 the Sneak (level 2, -2/23 HPs)
             Began as a Demonspawn Brigand on Oct 15, 2021.
             Slain by a gnoll (5 damage)
             ... on level 2 of the Dungeon.
             The game lasted 00:01:52 (702 turns).

voltaire321 the Sneak (Demonspawn Brigand)           Turns: 702, Time: 00:01:52

Health: -2/23      AC:  4    Str: 11    XL:     2   Next: 58%
Magic:  2/2        EV: 12    Int: 12    God:
Gold:   30         SH:  0    Dex: 14    Spells: 1/1 levels left

rFire   . . .      SeeInvis .   a - +2 dagger
rCold   . . .      Faith    .   (no shield)
rNeg    . . .      Spirit   .   b - +0 robe
rPois   .          Reflect  .   (helmet restricted)
rElec   .          Harm     .   c - +0 cloak
rCorr   .          Rampage  .   (no gloves)
Will    .....                   i - +0 pair of boots
Stlth   ++........              (no amulet)
HPRegen 0.07/turn               (no ring)
MPRegen 0.08/turn               (no ring)

@: no status effects
A: antennae 1
a: no special abilities


You were on level 2 of the Dungeon.
You visited 1 branch of the dungeon, and saw 2 of its levels.

You collected 30 gold pieces.

Inventory:

Hand Weapons
 a - a +2 dagger (weapon)
Missiles
 d - 8 poisoned darts (quivered)
 e - 2 curare-tipped darts
Armour
 b - a +0 robe (worn)
 c - a +0 cloak (worn)
 i - a +0 pair of boots (worn)
Scrolls
 f - a scroll of teleportation {unknown}
 g - a scroll of acquirement {unknown}
 h - a scroll of amnesia {unknown}
 j - a scroll of vulnerability {unknown}
 k - a scroll of identify {unknown}
 m - a scroll of fear {unknown}
Potions
 l - 2 potions of degeneration {unknown}
 n - a potion of ambrosia {unknown}


   Skills:
 + Level 2.3 Fighting
 + Level 2.1 Short Blades
 + Level 2.1 Throwing
 + Level 1.3 Dodging
 - Level 3.6 Stealth


You had one spell level left.
You didn't know any spells.
Your spell library contained the following spells:

 Spells                   Type           Power      Damage    Failure   Level
 Shock                    Conj/Air       0%         1d3       32%         1
 Swiftness                Air            0%         N/A       69%         3
 Airstrike                Air            0%         N/A       97%         4


Dungeon Overview and Level Annotations

Branches:
Dungeon (2/15)

Altars:
Cheibriados


Innate Abilities, Weirdness & Mutations

You have a pair of small antennae on your head.


Message History

An endoplasm and 3 gnolls come into view.
You enter the shallow water.
Moving in this stuff is going to be slow.
The bat closely misses you. The bat hits you but does no damage.
The bat barely misses you. The bat hits you but does no damage.
The bat barely misses you.
You barely miss the bat. The bat closely misses you.
The bat hits you but does no damage.
You hit the bat.
You kill the bat!
You barely miss the gnoll. The gnoll hits you with a +0 flail.
You hit the gnoll.
The gnoll is lightly wounded.
The gnoll barely misses you.
You hit the gnoll but do no damage.
The gnoll is lightly wounded.
The gnoll barely misses you.
You hit the gnoll but do no damage.
The gnoll is lightly wounded.
You hit the gnoll.
The gnoll is moderately wounded.
The gnoll barely misses you.
You hit the gnoll.
The gnoll is almost dead.
The gnoll hits you with a +0 flail.
You barely miss the gnoll.
The gnoll is almost dead.
The gnoll hits you with a +0 flail.
You hit the gnoll.
The gnoll is almost dead.
The gnoll hits you but does no damage.
You barely miss the gnoll.
The gnoll is almost dead.
The gnoll hits you with a +0 flail!
* * * LOW HITPOINT WARNING * * *
You hit the gnoll but do no damage.
The gnoll is almost dead.
The gnoll hits you with a +0 flail.
You die...

#............#
#..##......#.#
#. #.#..#.#.#
. ...<..#.#.#
###.####.#.#
#. #.#.## #.
..#..# #.
####.# #@# .
#g#
.≈≈≈##J#######
#≈≈≈≈≈≈J.gg#
#.≈..≈≈≈≈#.#
#.#..##≈≈≈.#
#..... #≈..#
###>## ..## ..
##


You could see a gnoll and an endoplasm.

Vanquished Creatures
  A gnoll (D:1)
  A dart slug (D:1)
  An endoplasm (D:1)
  A giant cockroach (D:2)
  A ball python (D:1)
  4 bats
9 creatures vanquished.

Notes
Turn   | Place    | Note
-------+----------+-------------------------------------------
     0 | D:1      | voltaire321 the Demonspawn Brigand began the quest for the
                  | Orb.
     0 | D:1      | Reached XP level 1. HP: 16/16 MP: 1/1
    43 | D:1      | Reached skill level 1 in Dodging
   390 | D:1      | Gained mutation: You have a pair of small antennae on your
                  | head. [demonic ancestry]
   390 | D:1      | Reached XP level 2. HP: 22/22 MP: 2/2
   533 | D:2      | Found a snail-covered altar of Cheibriados.
   702 | D:2      | Slain by a gnoll

Illustrated notes

Levels and vault maps discovered:
D:1:      mushboom_english_gardens, layout_basic
D:2:      layout_loops_cross, basic_altar, serial_rivers,
          chequers_serial_rivers_room_a, chequers_serial_rivers_small_a,
          chequers_serial_rivers_marsh, chequers_serial_rivers_small_a,
          chequers_serial_rivers_micro_a, uniq_jessica

Skill      XL: |  1 |
---------------+----+-----
Dodging        | 1 |  1.3
Short Blades   | 2 |  2.1
Throwing       | 2 |  2.1
Fighting       | |  2.3
Stealth        | |  3.6

Action                   || total
-------------------------++-------
Melee: Dagger            ||    34
 Stab: Sleeping          ||     2
Armor: Robe              ||     7
Dodge: Dodged            ||    25

Table legend: (Time is in decaauts)
 A = Elapsed time spent in this place.
 B = Non-inter-level travel time spent in this place.
 C = Inter-level travel time spent in this place.
 D = Time resting spent in this place.
 E = Time spent auto-exploring this place.
 F = Levels seen in this place.
 G = Mean time per level.
                   A        B        C        D        E       F      G
               +--------+--------+--------+--------+--------+-----+--------+
         Total |    701 |    701 |      0 |      0 |    537 |   2 |  350.5 |
       Dungeon |    701 |    701 |      0 |      0 |    537 |   2 |  350.5 |
               +--------+--------+--------+--------+--------+-----+--------+

Top non-repeatable levels by time:
     D:1: 529 daAuts
     D:2: 171 daAuts
